 Dungeon Crawl Stone Soup version 0.30-a0-49-g1cef19eb02 (webtiles) character file.

Game seed: 14756238672242222001

11 purpskrrrp the Shooter (level 2, -2/15 HPs)
             Began as a Spriggan Hunter on Sept 2, 2022.
             Succumbed to a goblin's poison
             ... on level 1 of the Dungeon.
             The game lasted 00:00:53 (150 turns).

purpskrrrp the Shooter (Spriggan Hunter)             Turns: 150, Time: 00:00:54

Health: -2/15      AC:  2    Str:  7    XL:     2   Next: 17%
Magic:  3/3        EV: 18    Int: 10    God:
Gold:   18         SH:  0    Dex: 18    Spells: 1/1 levels left

rFire   . . .      SeeInvis +    a - +0 shortbow
rCold   . . .      Faith    .    (shield currently unavailable)
rNeg    . . .      Spirit   .    c - +0 robe
rPois   .          Reflect  .    (helmet restricted)
rElec   .          Harm     .    (no cloak)
rCorr   .          Rampage  .    (gloves unavailable)
Will    .....                    (boots unavailable)
Stlth   ++........               (no amulet)
HPRegen 0.05/turn                (no ring)
MPRegen 0.08/turn                (no ring)

@: lethally poisoned (-2 -> -15), very quick
A: very small, no large weapons, unfitting armour, see invisible, speed 3
a: no special abilities


You were on level 1 of the Dungeon.
You visited 1 branch of the dungeon, and saw 1 of its levels.

You collected 18 gold pieces.

Inventory:

Hand Weapons
 a - a +0 shortbow (weapon)
Armour
 c - a +0 robe (worn)
Scrolls
 b - a scroll of immolation
 d - a scroll of identify {unknown}


   Skills:
 + Level 1.7 Fighting
 * Level 4.1 Ranged Weapons
 + Level 2.9 Dodging
 * Level 2.5 Stealth


You had one spell level left.
You didn't know any spells.
Your spell library was empty.

Dungeon Overview and Level Annotations

Branches:
Dungeon (1/15)

Altars:


Innate Abilities, Weirdness & Mutations

You are very small and have problems with some larger weapons.
You are too small for most types of armour.
You have supernaturally acute eyesight. (SInv)
You cover ground extremely quickly. (Speed+++)


Message History

Found 14 gold pieces.
The kobold shouts!
A kobold is nearby!
A kobold is nearby!
A kobold is nearby!
You shoot an arrow. The arrow misses the kobold.
You shoot an arrow. The arrow closely misses the kobold.
The kobold hits you with a +0 club.
You shoot an arrow. The arrow hits the kobold.
The kobold is severely wounded.
You hear a shout!
The kobold hits you but does no damage.
A goblin comes into view. It is wielding a +0 dagger of venom.
You shoot an arrow. The arrow hits the kobold!
You kill the kobold!
You shoot an arrow. The arrow barely misses the goblin.
You shoot an arrow. The arrow misses the goblin.
You shoot an arrow. The arrow barely misses the goblin.
The goblin hits you with a +0 dagger of venom.
You are poisoned.
You shoot an arrow. The arrow hits the goblin.
The goblin is heavily wounded.
You feel very sick.
The goblin hits you with a +0 dagger of venom.
* * * LOW HITPOINT WARNING * * *
You are more poisoned.
You are too injured to fight recklessly!
You are too injured to fight recklessly!
You are too injured to fight recklessly!
* * * LOW HITPOINT WARNING * * *
You feel sick.
You aren't carrying any potions.
Okay, then.
Fire: a) +0 shortbow
Press: ? - help, Q - select action Shift-Dir - straight line, f/p - goblin
Aim: a goblin, wielding a +0 dagger of venom (heavily wounded, 56% to hit)
You shoot an arrow.
The arrow hits the goblin but does no damage.
The goblin is heavily wounded.
You die...

# ####. ######
..... ....
$... ..# .
..###†# #
#)#@†# # #.(
.. #g#.# # #.#
#.)###.#####.#
# #(#
#............#
# #.#
#..###.#######
# #.# ##.###.#
##### #.#
#.##..# ....#
#.# #.##.##
###.###.##
#.##.#


You could see a goblin.

Vanquished Creatures
  3 ball pythons (D:1)
  2 hobgoblins (D:1)
  3 jackals (D:1)
  2 kobolds (D:1)
10 creatures vanquished.

Notes
Turn   | Place    | Note
-------+----------+-------------------------------------------
     0 | D:1      | purpskrrrp the Spriggan Hunter began the quest for the Orb.
     0 | D:1      | Reached XP level 1. HP: 10/10 MP: 2/2
   113 | D:1      | Reached XP level 2. HP: 15/15 MP: 3/3
   150 | D:1      | Succumbed to a goblin's poison

Illustrated notes

Levels and vault maps discovered:
D:1:      sevenhm_arrival_forest_fort_large_2, layout_loops_ring,
          minmay_misc_feat_alley, minmay_pentomino_u2

Skill      XL: |  1 |
---------------+----+-----
Stealth        | 2 |  2.5
Fighting       | |  1.7
Ranged Weapons | |  4.1
Dodging        | |  2.9

Action                   || total
-------------------------++-------
 Fire: Shortbow          ||    21
Armor: Robe              ||     1

Table legend: (Time is in decaauts)
 A = Elapsed time spent in this place.
 B = Non-inter-level travel time spent in this place.
 C = Inter-level travel time spent in this place.
 D = Time resting spent in this place.
 E = Time spent auto-exploring this place.
 F = Levels seen in this place.
 G = Mean time per level.
                   A        B        C        D        E       F      G
               +--------+--------+--------+--------+--------+-----+--------+
         Total |    106 |    106 |      0 |      0 |     71 |   1 |  106.0 |
       Dungeon |    106 |    106 |      0 |      0 |     71 |   1 |  106.0 |
               +--------+--------+--------+--------+--------+-----+--------+

Top non-repeatable levels by time:
     D:1: 106 daAuts
